BSA
ST CHARLES SHEENS @ VISTA PANTHERS
04/06/2027
 
TOP OF THE 1ST
St Charles Sheens batting - Pitching for Vista Panthers : RHP Dale Reese
Pitching: RHP Dale Reese
Batting: RHB Jesús Hernández 0-0: Called Strike
0-1: Foul Ball, location: 2F
0-2: Ground out 4-3 (Groundball, 4)
Batting: LHB Gene Cooper 0-0: Foul Ball, location: 2F
0-1: Ball
1-1: Swinging Strike
1-2: SINGLE (Flyball, 7S) - OUT at second base trying to stretch hit.
Batting: RHB Judson Backstrom 0-0: Foul Ball, location: 2F
0-1: Ball
1-1: Ball
2-1: Called Strike
2-2: Ground out 6-3 (Groundball, 6)
Top of the 1st over - 0 run(s), 1 hit(s), 0 error(s), 0 left on base; St Charles 0 - Vista 0
BOTTOM OF THE 1ST
Vista Panthers batting - Pitching for St Charles Sheens : LHP Ben Moody
Pitching: LHP Ben Moody
Batting: LHB Francisco Marino 0-0: Called Strike
0-1: Ball
1-1: DOUBLE (Line Drive, 78XD)
Batting: RHB Salvador Salas 0-0: Called Strike
0-1: Ball
1-1: Ball
2-1: Ball
3-1: Fly out, F9 (Flyball, 9LS)
Batting: RHB John Mendelson 0-0: Called Strike
0-1: SINGLE (Line Drive, 9S)
Francisco Marino to third
Runner from 3rd tries for Home, SAFE, no throw
Batting: RHB Roberto Cruz 0-0: Foul Ball, location: 2F
0-1: Ball
1-1: Foul Ball, location: 2F
1-2: Ball
2-2: Foul Ball, location: 2F
2-2: Fly out, F8 (Flyball, 8LM)
Batting: LHB Donovan Bird 0-0: Fly out, F9 (Line Drive, 89D)
Bottom of the 1st over - 1 run(s), 2 hit(s), 0 error(s), 1 left on base; St Charles 0 - Vista 1
TOP OF THE 2ND
St Charles Sheens batting - Pitching for Vista Panthers : RHP Dale Reese
Batting: LHB Stan Bates 0-0: Called Strike
0-1: Ball
1-1: Foul Ball, location: 2F
1-2: Foul Ball, location: 2F
1-2: Ball
2-2: Strikes out looking
Batting: RHB Max Rash 0-0: Ball
1-0: Ball
2-0: Ground out 6-3 (Groundball, 6M)
Batting: LHB Juan Jose Rojas 0-0: Ball
1-0: SOLO HOME RUN (Flyball, 7LD), Distance : 401 ft
Batting: RHB Dan Tyler 0-0: Called Strike
0-1: Ground out 1-3 (Groundball, 15S)
Top of the 2nd over - 1 run(s), 1 hit(s), 0 error(s), 0 left on base; St Charles 1 - Vista 1
BOTTOM OF THE 2ND
Vista Panthers batting - Pitching for St Charles Sheens : LHP Ben Moody
Batting: SHB Mark Wells 0-0: Swinging Strike
0-1: DOUBLE (Flyball, 9LD)
Batting: LHB Bob Cunningham 0-0: Swinging Strike
0-1: Ball
1-1: Ball
2-1: Foul Ball, location: 2F
2-2: Strikes out looking
Batting: RHB Cisco Gatán 0-0: Ball
1-0: TRIPLE (Line Drive, 89M)
Mark Wells scores
Batting: RHB Justin Burgess 0-0: SINGLE (Groundball, 6MD)
Cisco Gatán scores
Batting: LHB Francisco Marino 0-0: Foul Ball, location: 2F
0-1: Ball
Wild Pitch!
Justin Burgess to second
1-1: Ball
2-1: Ball
3-1: Ground out 4-3 (Groundball, 4)
Justin Burgess to third
Batting: RHB Salvador Salas 0-0: Ground out 5-3 (Groundball, 56)
Bottom of the 2nd over - 2 run(s), 3 hit(s), 0 error(s), 1 left on base; St Charles 1 - Vista 3
TOP OF THE 3RD
St Charles Sheens batting - Pitching for Vista Panthers : RHP Dale Reese
Batting: RHB Miguel Palácios 0-0: Called Strike
0-1: Ground out 6-3 (Groundball, 6)
Batting: RHB Víctor Arredondo 0-0: Ground out 6-3 (Groundball, 6)
Batting: RHB Jesús Hernández 0-0: Ball
1-0: Swinging Strike
1-1: Ball
2-1: Fly out, F5 (Line Drive, 5L)
Top of the 3rd over - 0 run(s), 0 hit(s), 0 error(s), 0 left on base; St Charles 1 - Vista 3
BOTTOM OF THE 3RD
Vista Panthers batting - Pitching for St Charles Sheens : LHP Ben Moody
Batting: RHB John Mendelson 0-0: Called Strike
0-1: Ball
1-1: Foul Ball, location: 2F
1-2: Ball
2-2: Strikes out swinging
Batting: RHB Roberto Cruz 0-0: Ball
1-0: Ground out 6-3 (Groundball, 6)
Batting: LHB Donovan Bird 0-0: Called Strike
0-1: Ground out 1-3 (Groundball, 15S)
Bottom of the 3rd over - 0 run(s), 0 hit(s), 0 error(s), 0 left on base; St Charles 1 - Vista 3
TOP OF THE 4TH
St Charles Sheens batting - Pitching for Vista Panthers : RHP Dale Reese
Batting: LHB Gene Cooper 0-0: Called Strike
0-1: Foul Ball, location: 2F
0-2: Foul Ball, location: 2F
0-2: Strikes out swinging
Batting: RHB Judson Backstrom 0-0: Called Strike
0-1: Foul Ball, location: 2F
0-2: Ball
1-2: Strikes out swinging
Batting: LHB Stan Bates 0-0: Ball
1-0: Fly out, F9 (Flyball, 89S)
Top of the 4th over - 0 run(s), 0 hit(s), 0 error(s), 0 left on base; St Charles 1 - Vista 3
BOTTOM OF THE 4TH
Vista Panthers batting - Pitching for St Charles Sheens : LHP Ben Moody
Batting: SHB Mark Wells 0-0: Called Strike
0-1: Ball
1-1: Ball
2-1: Called Strike
2-2: Strikes out looking
Batting: LHB Bob Cunningham 0-0: Called Strike
0-1: SINGLE (Groundball, 4MD)
Batting: RHB Cisco Gatán 0-0: Called Strike
0-1: Ball
1-1: Fly out, F8 (Flyball, 89M)
Batting: RHB Justin Burgess 0-0: Called Strike
0-1: Ball
1-1: Ball
2-1: Ball
3-1: Fly out, F8 (Line Drive, 8LS)
Bottom of the 4th over - 0 run(s), 1 hit(s), 0 error(s), 1 left on base; St Charles 1 - Vista 3
TOP OF THE 5TH
St Charles Sheens batting - Pitching for Vista Panthers : RHP Dale Reese
Batting: RHB Max Rash 0-0: Foul Ball, location: 2F
0-1: Ball
1-1: Ball
2-1: Swinging Strike
2-2: Strikes out swinging
Batting: LHB Juan Jose Rojas 0-0: Foul Ball, location: 2F
0-1: Ball
1-1: Foul Ball, location: 2F
1-2: Reached on error, E4 (Groundball, 4)
Batting: RHB Dan Tyler 0-0: Fly out, F9 (Flyball, 89M)
Batting: RHB Miguel Palácios 0-0: Ball
1-0: Foul Ball, location: 2F
1-1: Foul Ball, location: 2F
1-2: Ground out 3-1 (Groundball, 34)
Top of the 5th over - 0 run(s), 0 hit(s), 1 error(s), 1 left on base; St Charles 1 - Vista 3
BOTTOM OF THE 5TH
Vista Panthers batting - Pitching for St Charles Sheens : LHP Ben Moody
Batting: LHB Francisco Marino 0-0: Ball
1-0: Ball
2-0: Foul Ball, location: 2F
2-1: Ball
3-1: Foul Ball, location: 2F
3-2: Strikes out swinging
Batting: RHB Salvador Salas 0-0: Ball
1-0: Foul Ball, location: 2F
1-1: Fly out, F7 (Flyball, 78XD)
Batting: RHB John Mendelson 0-0: Ball
1-0: Called Strike
1-1: Swinging Strike
1-2: Strikes out swinging, 2-3 out at first.
Bottom of the 5th over - 0 run(s), 0 hit(s), 0 error(s), 0 left on base; St Charles 1 - Vista 3
TOP OF THE 6TH
St Charles Sheens batting - Pitching for Vista Panthers : RHP Dale Reese
Batting: RHB Víctor Arredondo 0-0: Ball
1-0: Fly out, F9 (Flyball, 9)
Batting: RHB Jesús Hernández 0-0: Swinging Strike
0-1: Ground out 5-3 (Groundball, 56)
Batting: LHB Gene Cooper 0-0: Fly out, F7 (Flyball, 7S)
Top of the 6th over - 0 run(s), 0 hit(s), 0 error(s), 0 left on base; St Charles 1 - Vista 3
BOTTOM OF THE 6TH
Vista Panthers batting - Pitching for St Charles Sheens : LHP Ben Moody
Batting: RHB Roberto Cruz 0-0: Ball
1-0: Foul Ball, location: 2F
1-1: Ball
2-1: Called Strike
2-2: Foul Ball, location: 2F
2-2: Ball
3-2: Ground out 5-3 (Groundball, 56S)
Batting: LHB Donovan Bird 0-0: Called Strike
0-1: Foul Ball, location: 2F
0-2: Ball
1-2: Ball
2-2: Reached on error, E9 (Flyball, 9)
Batting: SHB Mark Wells 0-0: Ball
1-0: Called Strike
1-1: Ball
2-1: Foul Ball, location: 2F
2-2: Foul Ball, location: 2F
2-2: Foul Ball, location: 2F
2-2: Fly out, F4 (Popup, 34)
Batting: LHB Bob Cunningham 0-0: Called Strike
0-1: Ball
1-1: Ball
Donovan Bird steals 2nd base
2-1: Foul Ball, location: 2F
2-2: Ball
3-2: DOUBLE (Line Drive, 89D)
Donovan Bird scores
Batting: RHB Cisco Gatán 0-0: Ball
1-0: Ball
2-0: Foul Ball, location: 2F
2-1: DOUBLE (Line Drive, 8LD)
Bob Cunningham scores
Batting: RHB Justin Burgess 0-0: Swinging Strike
0-1: Swinging Strike
0-2: Ball
1-2: Ball
2-2: Ground out 5-3 (Groundball, 56S)
Bottom of the 6th over - 2 run(s), 2 hit(s), 1 error(s), 1 left on base; St Charles 1 - Vista 5
TOP OF THE 7TH
St Charles Sheens batting - Pitching for Vista Panthers : RHP Dale Reese
Batting: RHB Judson Backstrom 0-0: Ball
1-0: Foul Ball, location: 2F
1-1: Ball
2-1: Ball
3-1: Fly out, F9 (Line Drive, 89S)
Batting: LHB Stan Bates 0-0: Swinging Strike
0-1: Ball
1-1: Ball
2-1: Fly out, F2 (Popup, P)
Batting: RHB Max Rash 0-0: Swinging Strike
0-1: Called Strike
0-2: Ball
1-2: Ball
2-2: Ball
3-2: Strikes out looking
Top of the 7th over - 0 run(s), 0 hit(s), 0 error(s), 0 left on base; St Charles 1 - Vista 5
BOTTOM OF THE 7TH
Vista Panthers batting - Pitching for St Charles Sheens : LHP Ben Moody
Batting: LHB Francisco Marino 0-0: Foul Ball, location: 2F
0-1: Swinging Strike
0-2: Strikes out swinging
Batting: RHB Salvador Salas 0-0: Ball
1-0: Called Strike
1-1: Fly out, F9 (Flyball, 89D)
Batting: RHB John Mendelson 0-0: Swinging Strike
0-1: Ball
1-1: Foul Ball, location: 2F
1-2: Strikes out looking
Bottom of the 7th over - 0 run(s), 0 hit(s), 0 error(s), 0 left on base; St Charles 1 - Vista 5
TOP OF THE 8TH
St Charles Sheens batting - Pitching for Vista Panthers : RHP Dale Reese
Batting: LHB Juan Jose Rojas 0-0: Ball
1-0: Ball
2-0: Called Strike
2-1: Ball
3-1: Ground out 1-3 (Groundball, P)
Batting: RHB Dan Tyler 0-0: Ball
1-0: SINGLE (Groundball, 56D)
Batting: RHB Miguel Palácios 0-0: Called Strike
0-1: Ball
1-1: Swinging Strike
1-2: Strikes out swinging
Batting: RHB Víctor Arredondo 0-0: Called Strike
0-1: Called Strike
0-2: Ball
1-2: Strikes out looking
Top of the 8th over - 0 run(s), 1 hit(s), 0 error(s), 1 left on base; St Charles 1 - Vista 5
BOTTOM OF THE 8TH
Vista Panthers batting - Pitching for St Charles Sheens : LHP Ben Moody
Batting: RHB Roberto Cruz 0-0: Ball
1-0: Swinging Strike
1-1: Swinging Strike
1-2: Fly out, F6 (Popup, 6)
Batting: LHB Donovan Bird 0-0: Ball
1-0: Foul Ball, location: 2F
1-1: Foul Ball, location: 2F
1-2: Ball
2-2: Ball
3-2: Fly out, F8 (Flyball, 8LD)
Batting: SHB Mark Wells 0-0: Called Strike
0-1: Swinging Strike
0-2: Foul Ball, location: 2F
0-2: Ball
1-2: Foul Ball, location: 2F
1-2: Ball
2-2: Fly out, F9 (Flyball, 89S)
Bottom of the 8th over - 0 run(s), 0 hit(s), 0 error(s), 0 left on base; St Charles 1 - Vista 5
TOP OF THE 9TH
St Charles Sheens batting - Pitching for Vista Panthers : RHP Dale Reese
Pitching: RHP David Simpson
Batting: RHB Jesús Hernández 0-0: Ball
1-0: Ball
2-0: Called Strike
2-1: Ball
3-1: Base on Balls
Batting: LHB Gene Cooper 0-0: Ball
1-0: Foul Ball, location: 2F
1-1: Swinging Strike
1-2: Strikes out swinging
Batting: RHB Judson Backstrom 0-0: Ball
1-0: Foul Ball, location: 2F
1-1: SINGLE (Line Drive, 34D)
Jesús Hernández to second
Batting: LHB Stan Bates 0-0: Ball
1-0: Fly out, F8 (Flyball, 8LD)
Runner from 2nd tags up, SAFE at 3rd, no throw
Batting: RHB Max Rash 0-0: Ball
1-0: Fly out, F8 (Flyball, 8RD)
Top of the 9th over - 0 run(s), 1 hit(s), 0 error(s), 2 left on base; St Charles 1 - Vista 5
Thursday, March 30th, 2017 - OOTP Baseball 17.12 Build 75